 Dungeon Crawl Stone Soup version 0.30.0-29-ga12c61a403 (webtiles) character file.

Game seed: 15399653745539310881

11 ChiefBigBeans the Ducker (level 2, 0/22 HPs)
             Began as a Demonspawn Gladiator on June 21, 2023.
             Slain by a jackal (3 damage)
             ... on level 1 of the Dungeon.
             The game lasted 00:00:40 (124 turns).

ChiefBigBeans the Ducker (Demonspawn Gladiator)      Turns: 124, Time: 00:00:40

Health: 0/22       AC:  4    Str: 14    XL:     2   Next: 13%
Magic:  2/2        EV: 12    Int:  9    God:
Gold:   0          SH:  0    Dex: 14    Spells: 1/1 levels left

rFire   . . .        a - +0 trident
rCold   . . .        (no shield)
rNeg    . . .        b - +0 leather armour
rPois   .            c - +0 helmet
rElec   .            (no cloak)
rCorr   .            (no gloves)
SInv    .            (no boots)
Will    .....        (no amulet)
Stlth   +            (no ring)
HPRegen 0.23/turn    (no ring)
MPRegen 0.08/turn

%: no passive effects
@: no status effects
A: hooves 1
a: no special abilities


You were on level 1 of the Dungeon.
You visited 1 branch of the dungeon, and saw 1 of its levels.

Inventory:

Hand Weapons
 a - a +0 trident (weapon)
Missiles
 d - 3 throwing nets (quivered)
 e - a javelin
Armour
 b - a +0 leather armour (worn)
 c - a +0 helmet (worn)
Scrolls
 f - a scroll of identify {unknown}
 g - a scroll of magic mapping {unknown}


   Skills:
 + Level 2.2 Fighting
 - Level 2.6 Polearms
 - Level 1.7 Throwing
 + Level 0.8 Armour
 + Level 2.9 Dodging


You had one spell level left.
You didn't know any spells.
Your spell library was empty.

Dungeon Overview and Level Annotations

Branches:
Dungeon (1/15)

Altars:


Innate Abilities, Weirdness & Mutations

You have large cloven feet.


Message History

The jackal closely misses you. The jackal bites you.
The jackal barely misses you. The jackal closely misses you. x2
The hobgoblin barely misses you. The jackal closely misses you.
You hit the hobgoblin but do no damage.
The hobgoblin is lightly wounded.
The jackal bites you but does no damage.
The jackal bites you. x2
The hobgoblin hits you but does no damage.
The jackal bites you but does no damage.
The jackal barely misses you.
You hit the hobgoblin but do no damage. You kick the hobgoblin.
The hobgoblin is heavily wounded.
The jackal barely misses you. The jackal closely misses you.
The hobgoblin hits you. The jackal bites you.
* * * LOW HITPOINT WARNING * * *
The jackal barely misses you.
You closely miss the hobgoblin. Your kick misses the hobgoblin.
The hobgoblin is heavily wounded.
The jackal misses you. The jackal completely misses you. The jackal bites you.
* * * LOW HITPOINT WARNING * * *
The hobgoblin misses you. The jackal barely misses you. x2
The jackal bites you.
* * * LOW HITPOINT WARNING * * *
You hit the hobgoblin but do no damage.
You kick the hobgoblin, but do no damage.
The hobgoblin is heavily wounded.
The jackal closely misses you. The hobgoblin misses you.
The jackal bites you but does no damage.
The jackal closely misses you. x2; The hobgoblin closely misses you.
Unknown command.
You barely miss the hobgoblin. You kick the hobgoblin.
You kill the hobgoblin!
The jackal misses you. The jackal closely misses you. The jackal misses you. x2
The jackal bites you but does no damage.
Unknown command.
The jackal bites you but does no damage. x2
You see here a +0 leather armour.
Unknown command.
The jackal bites you.
You die...

#.# .#.# ... #.####
#..!.# #....# #.h..#
#.hhh# #..@.# #....#
#....# #....+
##...#######
+).........
############.........#
.....................#
##......#####(......#


You could see 4 jackals.

Vanquished Creatures
  2 hobgoblins (D:1)
  4 jackals (D:1)
  A quokka (D:1)
  A kobold (D:1)
  A rat (D:1)
9 creatures vanquished.

Notes
Turn   | Place    | Note
-------+----------+-------------------------------------------
     0 | D:1      | ChiefBigBeans the Demonspawn Gladiator began the quest for
                  | the Orb.
     0 | D:1      | Reached XP level 1. HP: 16/16 MP: 1/1
    95 | D:1      | Discovered your monstrous ancestry.
    95 | D:1      | Gained mutation: You have large cloven feet. [demonic
                  | ancestry]
    95 | D:1      | Reached XP level 2. HP: 22/22 MP: 2/2
   124 | D:1      | Slain by a jackal

Illustrated notes

Levels and vault maps discovered:
D:1:      lightli_arrival_maybe_door_vault, layout_basic,
          ebering_ecumenical_altar_abandoned

Action                     || total
---------------------------++-------
  Melee: Trident           ||    34
         Kick              ||     7
   Stab: Sleeping          ||     1
 Armour: Leather armour    ||    14
  Dodge: Dodged            ||    53
